 Dungeon Crawl Stone Soup version 0.28.0-47-ge53b351184 (webtiles) character file.

Game seed: 13836491740833325205

83 101zpm the Magician (level 4, -2/31 HPs)
             Began as a Djinni Ice Elementalist on Apr 26, 2022.
             Slain by an orc
             ... wielding a +0 mace
              (6 damage)
             ... on level 3 of the Dungeon.
             The game lasted 00:04:52 (3158 turns).

101zpm the Magician (Djinni Ice Elementalist)       Turns: 3158, Time: 00:04:53

Health: -2/31      AC:  2    Str:  7    XL:     4   Next: 71%
Gold:   132        EV: 12    Int: 18    God:
                   SH:  0    Dex: 14

rFire   + + .      SeeInvis .   (no weapon)
rCold   x . .      Faith    .   (no shield)
rNeg    . . .      Spirit   .   a - +0 robe
rPois   ∞          Reflect  .   (no helmet)
rElec   .          Harm     .   (no cloak)
rCorr   .          Rampage  .   (no gloves)
Will    .....                   (boots unavailable)
Stlth   ++........              (no amulet)
HPRegen 0.10/turn               (no ring)
MPRegen 0.00/turn               (no ring)

@: flying
A: sickness immunity, fire resistance 2, cold vulnerability 1, float, innate
caster, HP casting, extra vitality 1
a: no special abilities


You were on level 3 of the Dungeon.
You visited 1 branch of the dungeon, and saw 3 of its levels.

You collected 132 gold pieces.

Inventory:

Armour
 a - a +0 robe (worn)
Jewellery
 h - a +4 ring of protection
 l - a +6 ring of strength
Scrolls
 b - a scroll of torment {unknown}
 c - a scroll of magic mapping {unknown}
 d - 5 scrolls of identify {unknown}
 e - 2 scrolls of holy word {unknown}
 f - 2 scrolls of noise {unknown}
 g - 4 scrolls of enchant weapon {unknown}
 i - a scroll of teleportation {unknown}
 k - a scroll of enchant armour {unknown}
Potions
 j - 2 potions of mutation {unknown}


   Skills:
 + Level 0.1 Fighting
 + Level 2.2 Dodging
 + Level 2.1 Stealth
 + Level 4.3 Spellcasting


You couldn't memorise any spells.
You knew the following spells:

 Your Spells              Type           Power      Damage    Failure   Level
a - Freeze                Ice            76%        1d9       2%          1
b - Frozen Ramparts       Ice            38%        1d5       7%          3
c - Ozocubu's Armour      Ice            19%        N/A       7%          3
d - Hailstorm             Conj/Ice       19%        3d6       24%         4
e - Shock                 Conj/Air       76%        1d7       2%          1
Your spell library was empty.

Dungeon Overview and Level Annotations

Branches:
Dungeon (3/15)

Altars:

Annotations:
D:3 Pargi


Innate Abilities, Weirdness & Mutations

You are immune to sickness and miasma.
You are immune to poison.
Your flesh is very heat resistant. (rF++)
You are vulnerable to cold. (rC-)
You float through the air rather than walking.
You learn spells naturally, not from books.
Your magical power is your life essence.
You have superior vitality. (+4 MHP)


Message History

Found an escape hatch in the floor.
Found a stone staircase leading down.
An orc comes into view. It is wielding a +0 war axe.
Found a stone staircase leading up.
The orc shouts!
You hear a shout! x2
An orc comes into view. It is wielding a +0 mace.
An orc priest comes into view. It is wielding a +0 trident.
You freeze the orc!
You kill the orc!
You freeze the orc.
The orc is moderately wounded.
The orc hits you with a +0 war axe!
You freeze the orc.
The orc is heavily wounded.
The orc misses you.
You freeze the orc!
You kill the orc!
Found 11 gold pieces.
The orc priest barely misses you. The orc closely misses you.
Things that are here:
a +0 falchion; an orc corpse You freeze the orc priest.
The orc priest is lightly wounded.
You hear the quick rusting of a drain nearby.
The orc priest misses you. The orc barely misses you.
You freeze the orc priest.
The orc priest is heavily wounded.
The orc priest barely misses you. The orc hits you with a +0 mace.
You are too injured to fight recklessly!
You are too injured to fight recklessly!
You are too injured to fight recklessly!
Aiming: Freeze (safe; 2% risk of failure)
Press: ? - help, Q - select action, (/) - cycle Shift-Dir - straight line, f/p - orc priest
Aim: an orc priest, wielding a +0 trident and wearing a +0 scale mail (heavily wounded)
You freeze the orc priest.
The orc priest is severely wounded.
The orc priest invokes the aid of Beogh against you.
Beogh smites you!
* * * LOW HITPOINT WARNING * * *
The orc hits you with a +0 mace.
You die...

$..... ......
......
......#########
.<............#
.........>...>#
#..oo......#
#..)@......#
#..........#
#..........#
#..........#
#..........#
.............#
###..........######
#...............##
#..........####..#


You could see an orc priest and an orc.

Vanquished Creatures
  2 adders (D:2)
  An ufetubus (D:3)
  2 dart slugs (D:1)
  2 orcs (D:3)
  6 endoplasms
  2 giant cockroaches
  7 goblins
  A hobgoblin (D:2)
  4 quokkas
  6 ball pythons
  6 bats
  4 frilled lizards
  3 kobolds
  4 rats
50 creatures vanquished.

Vanquished Creatures (others)
  19 plants (D:2)
19 creatures vanquished.

Grand Total: 69 creatures vanquished

Notes
Turn   | Place    | Note
-------+----------+-------------------------------------------
     0 | D:1      | 101zpm the Djinni Ice Elementalist began the quest for the
                  | Orb.
     0 | D:1      | Reached XP level 1. HP: 15/15 MP: 0/0
   520 | D:1      | Reached XP level 2. HP: 14/21 MP: 0/0
  1011 | D:1      | Found a faded altar of an unknown god.
  1176 | D:1      | Reached XP level 3. HP: 23/25 MP: 0/0
  1176 | D:1      | Learned a level 1 spell: Shock
  1880 | D:2      | Reached skill level 4 in Spellcasting
  2186 | D:2      | Reached XP level 4. HP: 29/31 MP: 0/0
  2745 | D:3      | Noticed Pargi
  3158 | D:3      | Slain by an orc

Illustrated notes

Levels and vault maps discovered:
D:1:      lightli_arrival_farm, layout_basic, chequers_ecumenical_altar_twisty,
          amcnicky_mini_pool_small, kennysheep_pointless_box
D:2:      layout_basic, serial_bayou, serial_bayou_lagoon_a,
          serial_bayou_pond_e, serial_bayou_pond_d, serial_bayou_lake_a,
          serial_park_tiny_pond, minmay_tetromino_i4
D:3:      layout_basic, cheibrodos_sewer_entry_drain, st_stairs_3, minivault_5,
          uniq_pargi

Skill      XL: |  1  2  3 |
---------------+----------+-----
Stealth        | 2 |  2.1
Spellcasting   | 4 |  4.3
Fighting       | |  0.1
Dodging        | |  2.2

Action                   |  1- 3 |  4- 6 || total
-------------------------+-------+-------++-------
Melee: Unarmed           |     5 |       ||     5
 Cast: Freeze            |    50 |    28 ||    78
Armor: Robe              |    13 |     4 ||    17
Dodge: Dodged            |    30 |    25 ||    55
